General information
- name: BNet
- type: Ladder team game (AT/RT)
- host: Battle.net
- saver: goodgame
map: Deadlock
- players: 8
- length: 39:36
- speed: Fast
- version: 1.28 W3XP
- replay type: Public
» download(322 KB)
Players
team 1 (loser)
ThugMaSteR (
pink | 57 APM | 743 actions | 13:08)
2 Death Knight
1 Death Coil
1 Unholy Aura
1 Lich
1 Frost Nova
» actions
| Assign group hotkey | 13 | |
| Build / train | 38 | |
| Enter build submenu | 17 | |
| Enter hero's abilities submenu | 3 | |
| Right click | 359 | |
| Select / deselect | 198 | |
| Select group hotkey | 71 | |
| Use ability | 44 | |
743 total
» units
| Acolyte | 9 | |
| Ghoul | 4 | |
| Crypt Fiend | 6 | |
| Gargoyle | 1 | |
20 total
» upgrades
| Creature Attack | 1 | |
| Web | 1 | |
| Creature Carapace | 1 | |
3 total
» buildings
| Crypt | 1 | |
| Graveyard | 1 | |
| Ziggurat | 9 | |
| Altar of Darkness | 1 | |
| Tomb of Relics | 1 | |
| Halls of the Dead | 1 | |
| Nerubian Tower | 1 | |
| Spirit Tower | 5 | |
| Black Citadel | 1 | |
21 total
» build order
00:09 Crypt
00:19 Graveyard
00:40 Ziggurat
02:33 Altar of Darkness
02:36 Ziggurat
03:37 Ziggurat
03:44 Tomb of Relics
05:00 Halls of the Dead
06:33 Nerubian Tower
06:39 Ziggurat
06:41 Spirit Tower
08:44 Ziggurat
09:02 Ziggurat
09:25 Ziggurat
09:44 Spirit Tower
10:00 Spirit Tower
11:13 Ziggurat
11:15 Ziggurat
11:33 Black Citadel
12:16 Spirit Tower
12:17 Spirit Tower
» items
| Rod of Necromancy | 1 | |
| Sacrificial Skull | 1 | |
2 total

»
Clowsaintpotsox (
red | 40 APM | 1569 actions | 39:36)
3 Priestess of the Moon
1 Searing Arrows
1 Trueshot Aura
1 Scout
5 Warden
2 Fan of Knives
2 Blink
1 Shadow Strike
» actions
| Assign group hotkey | 10 | |
| Basic commands | 3 | |
| Build / train | 74 | |
| Enter build submenu | 33 | |
| Enter hero's abilities submenu | 8 | |
| Remove unit from queue | 5 | |
| Right click | 706 | |
| Select / deselect | 340 | |
| Select group hotkey | 341 | |
| Use ability | 48 | |
1569 total
» units
| Wisp | 27 | |
| Archer | 9 | |
| Chimaera | 4 | |
| Hippogryph | 9 | |
49 total
» upgrades
| Strength of the Wild | 3 | |
| Strength of the Moon | 1 | |
| Moon Armor | 1 | |
| Corrosive Breath | 1 | |
| Reinforced Hides | 2 | |
8 total
» buildings
| Moon Well | 10 | |
| Altar of Elders | 2 | |
| Ancient of War | 1 | |
| Hunter's Hall | 1 | |
| Ancient Protector | 3 | |
| Tree of Ages | 1 | |
| Tree of Life | 4 | |
| Tree of Eternity | 1 | |
| Ancient of Wind | 4 | |
| Chimaera Roost | 3 | |
| Ancient of Wonders | 1 | |
31 total
» build order
00:13 Moon Well
00:21 Altar of Elders
00:39 Ancient of War
01:34 Moon Well
02:18 Hunter's Hall
02:28 Moon Well
03:40 Ancient Protector
03:44 Ancient Protector
04:04 Tree of Ages
04:52 Ancient Protector
05:47 Tree of Life
06:46 Moon Well
08:18 Tree of Eternity
09:30 Ancient of Wind
09:32 Ancient of Wind
10:45 Chimaera Roost
11:24 Chimaera Roost
13:05 Moon Well
13:30 Chimaera Roost
14:26 Moon Well
14:29 Moon Well
14:33 Moon Well
20:32 Ancient of Wonders
26:23 Tree of Life
26:25 Moon Well
26:28 Altar of Elders
26:32 Ancient of Wind
26:36 Ancient of Wind
29:17 Tree of Life
29:19 Moon Well
29:42 Tree of Life
goodgame (
green | 89 APM | 3510 actions | 39:36)
7 Archmage
3 Summon Water Elemental
3 Brilliance Aura
1 Mass Teleport
» actions
| Assign group hotkey | 80 | |
| Basic commands | 377 | |
| Build / train | 143 | |
| ESC pressed | 4 | |
| Enter build submenu | 51 | |
| Enter hero's abilities submenu | 7 | |
| Give item / drop item | 10 | |
| Right click | 903 | |
| Select / deselect | 516 | |
| Select group hotkey | 1194 | |
| Use ability | 224 | |
3510 total
» units
| Peasant | 19 | |
| Footman | 6 | |
| Gryphon Rider | 7 | |
| Dragonhawk Rider | 5 | |
| Rifleman | 4 | |
| Sorceress | 3 | |
| Priest | 3 | |
47 total
» upgrades
| Swords | 3 | |
| Masonry | 3 | |
| Armor | 3 | |
| Lumber Harvesting | 2 | |
| Animal War Training | 1 | |
| Storm Hammers | 1 | |
| Gunpowder | 3 | |
| Barrage | 1 | |
| Sorceress Training | 2 | |
| Priest Training | 2 | |
| Cloud | 1 | |
| Long Rifles | 1 | |
| Plating | 1 | |
24 total
» buildings
| Altar of Kings | 1 | |
| Barracks | 2 | |
| Farm | 13 | |
| Arcane Vault | 1 | |
| Town Hall | 4 | |
| Keep | 3 | |
| Blacksmith | 1 | |
| Lumber Mill | 2 | |
| Scout Tower | 16 | |
| Arcane Tower | 2 | |
| Guard Tower | 19 | |
| Castle | 3 | |
| Gryphon Aviary | 4 | |
| Arcane Sanctum | 2 | |
| Workshop | 1 | |
74 total
» build order
01:06 Altar of Kings
01:08 Barracks
01:09 Farm
01:11 Farm
01:20 Farm
02:44 Arcane Vault
02:52 Farm
04:08 Town Hall
04:38 Farm
05:17 Keep
05:17 Keep
05:18 Keep
05:40 Blacksmith
05:45 Lumber Mill
05:48 Lumber Mill
06:15 Scout Tower
06:17 Scout Tower
06:18 Scout Tower
06:35 Scout Tower
06:43 Arcane Tower
06:43 Arcane Tower
07:14 Guard Tower
07:14 Guard Tower
07:29 Scout Tower
07:33 Scout Tower
07:37 Guard Tower
07:37 Guard Tower
07:37 Guard Tower
08:04 Guard Tower
08:05 Castle
08:05 Castle
08:05 Castle
08:24 Scout Tower
08:25 Scout Tower
08:26 Scout Tower
09:14 Guard Tower
09:14 Guard Tower
09:14 Guard Tower
09:14 Guard Tower
09:21 Scout Tower
09:31 Gryphon Aviary
09:59 Gryphon Aviary
10:53 Guard Tower
10:54 Guard Tower
12:41 Scout Tower
13:11 Guard Tower
13:11 Guard Tower
14:32 Farm
17:20 Gryphon Aviary
17:25 Gryphon Aviary
17:41 Barracks
17:55 Arcane Sanctum
17:56 Arcane Sanctum
18:22 Workshop
20:17 Guard Tower
20:37 Scout Tower
20:38 Scout Tower
20:39 Scout Tower
20:41 Scout Tower
21:16 Farm
21:20 Farm
21:24 Farm
21:27 Farm
21:29 Farm
22:15 Farm
22:18 Scout Tower
22:24 Farm
22:48 Guard Tower
22:52 Guard Tower
22:52 Guard Tower
35:07 Town Hall
35:10 Town Hall
39:17 Town Hall
» items
| Scroll of Regeneration | 4 | |
| Mechanical Critter | 5 | |
| Scroll of Town Portal | 3 | |
| Staff of Teleportation | 2 | |
| Periapt of Vitality | 3 | |
| Staff of Sanctuary | 1 | |
| Ivory Tower | 2 | |
| Potion of Lesser Invulnerability | 1 | |
21 total
HeroFunAtWork (
yellow | 42 APM | 1437 actions | 33:50)
6 Archmage
3 Blizzard
2 Brilliance Aura
1 Mass Teleport
2 Blood Mage
1 Flame Strike
1 Siphon Mana
» actions
| Assign group hotkey | 15 | |
| Build / train | 84 | |
| Enter build submenu | 19 | |
| Enter hero's abilities submenu | 8 | |
| Give item / drop item | 1 | |
| Remove unit from queue | 4 | |
| Right click | 785 | |
| Select / deselect | 311 | |
| Select group hotkey | 2 | |
| Use ability | 208 | |
1437 total
» units
» upgrades
» buildings
| Altar of Kings | 2 | |
| Farm | 6 | |
| Arcane Vault | 2 | |
| Lumber Mill | 3 | |
| Scout Tower | 8 | |
| Guard Tower | 6 | |
| Keep | 1 | |
| Castle | 1 | |
| Town Hall | 3 | |
32 total
» build order
00:25 Altar of Kings
00:44 Farm
00:45 Farm
01:15 Arcane Vault
01:20 Arcane Vault
02:21 Farm
02:27 Lumber Mill
02:32 Lumber Mill
03:16 Scout Tower
03:18 Scout Tower
04:01 Guard Tower
04:25 Guard Tower
04:30 Scout Tower
04:31 Scout Tower
04:32 Scout Tower
04:33 Scout Tower
04:34 Scout Tower
04:35 Scout Tower
05:39 Keep
05:41 Guard Tower
06:34 Guard Tower
06:53 Guard Tower
07:21 Guard Tower
08:38 Castle
19:54 Town Hall
19:58 Farm
20:30 Altar of Kings
20:37 Farm
23:04 Town Hall
23:43 Town Hall
29:52 Lumber Mill
31:53 Farm
» items
| Mechanical Critter | 10 | |
| Scroll of Regeneration | 5 | |
| Lesser Clarity Potion | 4 | |
| Periapt of Vitality | 2 | |
| Circlet of Nobility | 2 | |
| Potion of Mana | 2 | |
| Potion of Healing | 3 | |
| Potion of Invisibility | 5 | |
| Staff of Teleportation | 2 | |
| Scroll of Town Portal | 2 | |
37 total
team 2 (winner)
Newbs- (
blue | 35 APM | 699 actions | 20:07)
5 Blood Mage
3 Flame Strike
2 Siphon Mana
» actions
| Basic commands | 16 | |
| Build / train | 61 | |
| Enter build submenu | 14 | |
| Enter hero's abilities submenu | 5 | |
| Remove unit from queue | 1 | |
| Right click | 308 | |
| Select / deselect | 211 | |
| Use ability | 83 | |
699 total
» units
» upgrades
| Gunpowder | 3 | |
| Armor | 3 | |
| Flare | 1 | |
| Fragmentation Shards | 1 | |
8 total
» buildings
| Lumber Mill | 1 | |
| Altar of Kings | 1 | |
| Farm | 7 | |
| Scout Tower | 1 | |
| Arcane Tower | 1 | |
| Blacksmith | 1 | |
| Keep | 2 | |
| Castle | 1 | |
| Workshop | 3 | |
18 total
» build order
00:31 Lumber Mill
01:13 Altar of Kings
01:15 Farm
01:39 Scout Tower
01:55 Farm
02:25 Arcane Tower
02:36 Blacksmith
02:57 Farm
03:00 Keep
03:01 Keep
03:38 Farm
03:53 Farm
04:33 Farm
05:23 Castle
05:27 Workshop
05:32 Workshop
05:36 Workshop
07:51 Farm
» items
| Circlet of Nobility | 2 | |
| Scroll of Protection | 2 | |
4 total
Junkie_Cum_SIut (
teal | 46 APM | 1037 actions | 22:23)
4 Tauren Chieftain
2 War Stomp
2 Endurance Aura
» actions
| Assign group hotkey | 14 | |
| Basic commands | 26 | |
| Build / train | 66 | |
| Enter build submenu | 26 | |
| Enter hero's abilities submenu | 4 | |
| Right click | 520 | |
| Select / deselect | 207 | |
| Select group hotkey | 94 | |
| Use ability | 80 | |
1037 total
» units
» upgrades
| Pillage | 1 | |
| Melee Weapons | 3 | |
| Armor | 3 | |
| Reinforced Defenses | 1 | |
| Pulverize | 1 | |
9 total
» buildings
| Altar of Storms | 1 | |
| Orc Burrow | 8 | |
| Barracks | 1 | |
| Voodoo Lounge | 1 | |
| Stronghold | 1 | |
| Great Hall | 2 | |
| War Mill | 2 | |
| Fortress | 1 | |
| Tauren Totem | 2 | |
| Watch Tower | 20 | |
39 total
» build order
00:20 Altar of Storms
00:35 Orc Burrow
00:50 Barracks
01:37 Orc Burrow
01:52 Voodoo Lounge
03:08 Stronghold
04:08 Great Hall
04:31 Orc Burrow
04:37 Orc Burrow
04:42 War Mill
04:45 War Mill
05:29 Fortress
08:36 Orc Burrow
08:43 Tauren Totem
08:46 Tauren Totem
08:52 Watch Tower
08:54 Watch Tower
08:54 Watch Tower
09:07 Orc Burrow
11:39 Watch Tower
14:10 Orc Burrow
14:12 Orc Burrow
15:31 Watch Tower
15:32 Watch Tower
15:33 Watch Tower
17:10 Watch Tower
17:11 Watch Tower
17:12 Watch Tower
17:13 Watch Tower
17:14 Watch Tower
17:15 Watch Tower
17:16 Watch Tower
17:17 Watch Tower
17:19 Watch Tower
18:59 Watch Tower
19:00 Watch Tower
19:01 Watch Tower
19:02 Watch Tower
20:04 Great Hall
» items
| Healing Salve | 5 | |
| Lesser Clarity Potion | 3 | |
| Scroll of Town Portal | 1 | |
| Orb of Lightning | 1 | |
| Scroll of Regeneration | 2 | |
12 total

»
Hillary.Clinton (
purple | 33 APM | 1318 actions | 39:36)
4 Archmage
2 Summon Water Elemental
2 Brilliance Aura
» actions
| Basic commands | 12 | |
| Build / train | 110 | |
| Enter build submenu | 26 | |
| Enter hero's abilities submenu | 4 | |
| Right click | 726 | |
| Select / deselect | 359 | |
| Use ability | 81 | |
1318 total
» units
| Peasant | 24 | |
| Footman | 13 | |
| Mortar Team | 10 | |
| Flying Machine | 32 | |
79 total
» upgrades
| Masonry | 1 | |
| Defend | 1 | |
| Lumber Harvesting | 1 | |
| Gunpowder | 3 | |
| Fragmentation Shards | 1 | |
| Flare | 1 | |
| Flak Cannons | 1 | |
| Flying Machine Bombs | 1 | |
| Plating | 2 | |
12 total
» buildings
| Scout Tower | 5 | |
| Altar of Kings | 1 | |
| Barracks | 1 | |
| Farm | 11 | |
| Lumber Mill | 2 | |
| Guard Tower | 7 | |
| Keep | 1 | |
| Blacksmith | 1 | |
| Castle | 1 | |
| Workshop | 3 | |
| Arcane Vault | 1 | |
34 total
» build order
01:01 Scout Tower
01:03 Altar of Kings
01:05 Barracks
01:08 Farm
01:30 Lumber Mill
02:48 Farm
02:51 Farm
02:53 Farm
03:04 Scout Tower
03:07 Scout Tower
03:28 Scout Tower
03:33 Scout Tower
03:39 Guard Tower
04:14 Guard Tower
04:14 Guard Tower
04:18 Guard Tower
04:19 Guard Tower
04:28 Guard Tower
04:29 Guard Tower
05:54 Keep
05:57 Farm
05:59 Farm
06:01 Farm
06:12 Farm
07:49 Blacksmith
08:34 Castle
09:21 Workshop
09:27 Workshop
09:30 Workshop
09:37 Arcane Vault
10:30 Lumber Mill
18:01 Farm
18:03 Farm
18:05 Farm
» items
| Scroll of Town Portal | 3 | |
| Potion of Lesser Invulnerability | 1 | |
| Boots of Speed | 1 | |
5 total
BRADY-IS-DONE (
orange | 66 APM | 2630 actions | 39:36)
6 Blademaster
2 Wind Walk
3 Critical Strike
1 Bladestorm
» actions
| Assign group hotkey | 40 | |
| Basic commands | 204 | |
| Build / train | 79 | |
| Enter build submenu | 25 | |
| Enter hero's abilities submenu | 6 | |
| Give item / drop item | 3 | |
| Remove unit from queue | 3 | |
| Right click | 1012 | |
| Select / deselect | 316 | |
| Select group hotkey | 831 | |
| Use ability | 111 | |
2630 total
» units
| Peon | 34 | |
| Grunt | 3 | |
| Wind Rider | 6 | |
| Troll Batrider | 3 | |
46 total
» upgrades
| Ranged Weapons | 2 | |
| Reinforced Defenses | 1 | |
| Armor | 2 | |
| Liquid Fire | 1 | |
6 total
» buildings
| Altar of Storms | 1 | |
| Orc Burrow | 7 | |
| Barracks | 1 | |
| Voodoo Lounge | 1 | |
| Stronghold | 2 | |
| Great Hall | 2 | |
| War Mill | 1 | |
| Watch Tower | 17 | |
| Fortress | 2 | |
| Beastiary | 3 | |
37 total
» build order
00:07 Altar of Storms
00:14 Orc Burrow
00:38 Barracks
01:26 Orc Burrow
01:56 Voodoo Lounge
03:15 Stronghold
03:42 Orc Burrow
04:13 Great Hall
04:31 War Mill
05:13 Orc Burrow
05:51 Watch Tower
05:52 Watch Tower
06:43 Fortress
06:44 Fortress
07:16 Beastiary
07:17 Beastiary
07:42 Watch Tower
07:43 Watch Tower
07:44 Watch Tower
08:56 Beastiary
11:32 Watch Tower
11:32 Watch Tower
11:45 Watch Tower
11:52 Orc Burrow
12:13 Watch Tower
12:31 Watch Tower
12:32 Watch Tower
12:36 Watch Tower
12:40 Watch Tower
13:55 Watch Tower
18:05 Watch Tower
18:06 Watch Tower
18:06 Watch Tower
18:09 Stronghold
22:41 Orc Burrow
22:42 Orc Burrow
26:18 Great Hall
» items
| Healing Salve | 2 | |
| Staff of Teleportation | 1 | |
| Tiny Great Hall | 2 | |
| Orb of Lightning | 1 | |
| Scroll of Town Portal | 2 | |
| Potion of Healing | 1 | |
| Boots of Speed | 1 | |
| Potion of Lesser Invulnerability | 1 | |
| Circlet of Nobility | 1 | |
12 total
Chat log
(01:40 / All) Hillary.Clinton: trump the worst president
(01:43 / All) Hillary.Clinton: enjoying life while
(01:48 / All) Hillary.Clinton: usa getting fucked
(01:52 / All) Hillary.Clinton: if only hillary was elected
(02:08 / All) Newbs-: purple still can't get over monica lewinsky on bills knob
(02:18 / All) Newbs-: sucking it like a lollipop
(02:18 / 10) goodgame: wow I got whisper bug
(02:21 / All) Junkie_Cum_SIut: they both will take country in same direction to destruction.... onyl hillary first
(02:21 / 10) goodgame: so I have to use private chat
(02:23 / All) Hillary.Clinton: hurricanes and nuclear threats from North Korea
(02:28 / 10) goodgame: I fucking hate these patches
(02:37 / All) Hillary.Clinton: hillary>>>>>>>>>>>bernie>>>>>>>>dogshit>>>>>>>>>>>>>>>baron>>>donald
(02:39 / 10) goodgame: I can see yours
(02:45 / All) Newbs-: little kim is proving to have the bigger balls
(02:52 / All) Newbs-: all threats from trump and no action
(03:01 / All) Hillary.Clinton: let the adults handle politics k kid
(03:12 / All) Hillary.Clinton: you're out of your element here
(03:24 / All) Newbs-: if you have the biggest military around the world with over 3000 bases and don't take action
(03:33 / All) Newbs-: makes you look like a chump
(03:45 / All) Newbs-: all that gear for nothing
(03:49 / All) Newbs-: weak
(03:56 / All) Hillary.Clinton: thats why USA is a shithole
(04:02 / All) Newbs-: like getting barked down by a poodle
(04:02 / All) Hillary.Clinton: imagine if hillary took over
(04:10 / All) Hillary.Clinton: would be like heaven
(04:15 / All) Newbs-: north korea is a poodle
(04:20 / All) Newbs-: barks down US
(04:27 / All) Newbs-: weak shit sauce
(04:43 / All) Newbs-: now every little country in the world wants a nuke
(04:48 / All) Newbs-: once they get it
(04:54 / All) Newbs-: US can't do shit to them
(04:55 / All) Newbs-: too scared
(05:08 / All) Newbs-: just like The Holy Bible States
(05:15 / All) Newbs-: wars and rumors of wars
(05:52 / All) Newbs-: iran wants nukes just like north korea
(06:01 / All) Newbs-: that way the US can't touch them
(06:19 / All) BRADY-IS-DONE: thug get wrecked
(06:20 / All) BRADY-IS-DONE: mher
(06:23 / All) ThugMaSteR: stfu hacker
(06:25 / All) Newbs-: way too much talk and no action
(06:27 / Allies) HeroFunAtWork: omw pink
(06:27 / All) Newbs-: weak sauce
(07:21 / All) Newbs-: I were a little baby country I would want a nuke too, that way nobody could fuzz with Me
(07:27 / All) Newbs-: is now the global thinking
(07:39 / All) Hillary.Clinton: 21 21 21 21
(07:41 / All) Newbs-: lets proliferate
(07:58 / Allies) ThugMaSteR: u fucks playn?
(08:15 / Allies) goodgame: wat
(08:57 / Allies) Clowsaintpotsox: omw
(09:19 / 10) goodgame: ty
(09:48 / Allies) HeroFunAtWork: nm
(10:05 / All) ThugMaSteR: fuck u teal
(10:06 / All) ThugMaSteR: hacker
(10:16 / All) ThugMaSteR: so bad
(10:34 / Allies) Clowsaintpotsox: mortors
(10:37 / Allies) Clowsaintpotsox: someone fed him
(11:39 / All) Hillary.Clinton: GG
(11:47 / All) goodgame: I have a noob team
(11:50 / All) Hillary.Clinton: GG
(11:57 / All) BRADY-IS-DONE: its not even over
(11:59 / All) BRADY-IS-DONE: idiots jeez
(12:07 / Allies) HeroFunAtWork: gold for hall plz 200
(12:44 / All) ThugMaSteR: fuckn trash
(12:47 / All) ThugMaSteR: 3 hackers
(12:53 / All) goodgame: says the well known hacker
(12:54 / All) Hillary.Clinton: GG
(12:58 / All) ThugMaSteR: pussies like teal and oj
(13:01 / All) BRADY-IS-DONE: im not even helping my team yet pink lawl
(13:02 / All) ThugMaSteR: mh and smurf
(13:06 / All) ThugMaSteR: blue is a known hacker
(13:07 / All) goodgame: pink mh and doesn't smurf
(13:07 / All) Junkie_Cum_SIut: LOL
(13:18 / All) Junkie_Cum_SIut: what is smurfing
(13:18 / Allies) Clowsaintpotsox: they have no aa
(13:22 / All) Hillary.Clinton: GG boys
(13:22 / All) BRADY-IS-DONE: D
(13:24 / All) Junkie_Cum_SIut: only a hacker uses that jargon
(13:24 / Allies) Clowsaintpotsox: chims coming now
(13:27 / All) BRADY-IS-DONE: green dis chack?
(13:33 / All) goodgame: yes
(13:34 / All) goodgame: jaja
(13:38 / Allies) HeroFunAtWork: gold me to rebuild plz
(13:40 / Allies) HeroFunAtWork: i got all morts
(13:41 / All) Junkie_Cum_SIut: what is smurfing
(13:43 / All) Hillary.Clinton: GG already
(13:58 / All) Newbs-: why yall be chimping all the time
(14:13 / All) goodgame: jajajaja
(14:29 / All) Newbs-: yall be chimping too much
(14:31 / All) Newbs-: for real
(14:42 / Allies) HeroFunAtWork: red gold m,e fucks sakes let me rebuild
(15:05 / Allies) HeroFunAtWork: gold plz
(15:08 / Allies) HeroFunAtWork: green or red?
(15:18 / Allies) goodgame: fucking for fuck's sake
(15:21 / Allies) HeroFunAtWork: hahah tk
(15:25 / Allies) HeroFunAtWork: no wonder
(15:28 / Allies) Clowsaintpotsox: why green?
(15:34 / Allies) goodgame: fucking red just for fuck's sake
(15:38 / Allies) HeroFunAtWork: was a win if not
(15:42 / All) Hillary.Clinton: loll green
(15:51 / All) Hillary.Clinton: GG
(15:52 / All) Hillary.Clinton: Gl next game
(16:03 / All) Clowsaintpotsox: i hope your parents get murdered in there sleep green
(16:08 / All) goodgame: lol
(16:09 / All) Hillary.Clinton: LMAO
(16:35 / All) Clowsaintpotsox: like fr fr you suck at life and your parents will pay for it
(16:40 / All) goodgame: "LOL
(16:48 / All) Hillary.Clinton: hi green
(16:51 / All) goodgame: hi
(17:09 / All) Hillary.Clinton: he has no more air
(17:11 / All) goodgame: ty for freeing food now can use my 10k gold to make better units
(17:11 / All) Hillary.Clinton: u can come out teal
(17:24 / Allies) HeroFunAtWork: red gold me 400 [plz
(17:29 / All) BRADY-IS-DONE: teal just criticized m1
(17:38 / All) Hillary.Clinton: GG bro
(17:39 / All) Hillary.Clinton: gl next game
(17:53 / All) goodgame: ty for the surrender friend
(18:01 / All) HeroFunAtWork: lmfao
(18:39 / All) Newbs-: damn orange must be your butt buddy
(18:44 / All) Newbs-: this homo
(18:45 / All) goodgame: gg
(18:48 / All) Hillary.Clinton: GG
(18:48 / All) Newbs-: is playing for your team
(18:53 / All) goodgame: u can leave now purp
(19:03 / Allies) goodgame: lumber me
(19:06 / Allies) goodgame: so I can miss and rape them
(19:14 / Allies) HeroFunAtWork: i would
(19:16 / Allies) goodgame: lumber me
(19:19 / Allies) HeroFunAtWork: but u never golded me to rebuild :/
(19:22 / 10) goodgame: red 100 food chims might try to kill me
(19:24 / All) Newbs-: orange is a fag, he is spreading ass cheeks for your side
(19:27 / Allies) goodgame: can gold u now
(19:33 / Allies) goodgame: 2k gold for all ur wood yellow
(19:42 / Allies) goodgame: ty
(20:04 / All) BRADY-IS-DONE: gj moron
(20:08 / All) goodgame: lol
(20:09 / All) BRADY-IS-DONE: i have 4 expos up u guys cant beat me
(20:22 / Allies) HeroFunAtWork: ooh thats a challenge
(20:54 / Allies) goodgame: ty
(21:01 / Allies) HeroFunAtWork: purp has morts
(21:48 / 10) goodgame: red 100 food chippo
(21:53 / All) Hillary.Clinton: brb watching tv
(23:11 / 10) goodgame: yellow rebuilding at expo right of his base a bit
(23:14 / 10) goodgame: but it's defenseless
(23:23 / Allies) HeroFunAtWork: mass wqyvern
(23:33 / Allies) HeroFunAtWork: 200g green plz
(24:09 / 10) goodgame: let's group up and kill red together
(24:20 / Allies) HeroFunAtWork: red watch pout
(24:42 / Allies) Clowsaintpotsox: really green?
(24:52 / Allies) HeroFunAtWork: green cmon dude
(24:58 / Allies) goodgame: fucking you for fuck's sake!
(25:07 / Allies) Clowsaintpotsox: i gave ypou wood after you killed me
(25:12 / Allies) Clowsaintpotsox: fuckin dick
(25:23 / Allies) goodgame: for fuck's sake, I fuck you
(25:23 / Allies) Clowsaintpotsox: really hope your parents get murdered
(25:43 / Allies) Clowsaintpotsox: now we lose
(25:51 / All) goodgame: Red is fucked
(25:59 / All) goodgame: red enjoying the sex by surprise
(26:07 / All) Hillary.Clinton: lmao
(26:51 / All) goodgame: Red's mom is giving me a blowjob right now while I kill his base
(26:54 / All) goodgame: she's good
(26:59 / All) goodgame: pretty hot for a 50 yo
(27:27 / All) Hillary.Clinton: not as good as me pimpin orange and making him do the bitch work
(27:44 / All) Hillary.Clinton: good dog
(27:45 / All) goodgame: red how do you feel about your mom blowing me while I tk you?
(27:51 / All) BRADY-IS-DONE: free pasants here yellow
(28:03 / 10) goodgame: feed me level 6 at expo above reds base
(28:07 / 10) goodgame: 3/4
(28:17 / All) Clowsaintpotsox: as good as it will feel when reading your mom was ran over by a train
(28:36 / All) goodgame: your mom is being ran over by a train right now
(28:40 / All) goodgame: it's called my big dick railing her
(28:48 / All) Clowsaintpotsox: my mom is already dead.
(28:52 / All) Hillary.Clinton: are you taking requests from orange's mom as well green?
(28:53 / All) Clowsaintpotsox: good joke
(28:59 / All) goodgame: your dead mom is giving me a blowjob
(29:02 / All) goodgame: it's necromantic
(29:18 / All) goodgame: her being dead just make it better bro
(29:21 / All) goodgame: I'm fucking your mom red
(30:09 / 10) goodgame: k
(30:48 / Allies) HeroFunAtWork: green why?
(31:00 / Allies) goodgame: red's mom is telling me to finish you off too
(31:06 / Allies) HeroFunAtWork: lmfao
(31:09 / Allies) HeroFunAtWork: im at work getting paid kid
(31:10 / Allies) HeroFunAtWork: enjoy
(31:17 / Allies) goodgame: what do you do for a living
(31:19 / All) BRADY-IS-DONE: anybody watch patriots play
(31:27 / Allies) HeroFunAtWork: engineer at honda
(31:36 / All) Clowsaintpotsox: they looked bad
(31:43 / All) BRADY-IS-DONE: true
(31:47 / All) BRADY-IS-DONE: defense did
(31:49 / Allies) goodgame: I make most of my income from hot milfs like reds mom paying to fuck a stud like me
(31:49 / All) Clowsaintpotsox: i lost 100 on them man
(31:55 / All) BRADY-IS-DONE: me 20
(32:18 / All) goodgame: Everyone listen up
(32:21 / All) goodgame: me and oj are in this together
(32:26 / All) goodgame: we're going to kill everything including our own units
(32:32 / All) goodgame: leave only buildings left, no way to finish each other
(32:40 / All) goodgame: will you all leave your pcs on all night for a mexican standoff?
(32:42 / All) goodgame: make us proud
(33:50 / All) Clowsaintpotsox: then why didnt you kill teal?
(34:03 / All) goodgame: Red will you leave your Pc on all night for the win?
(34:09 / All) Clowsaintpotsox: oj looks like he is trying to win
(34:16 / All) goodgame: he doesn't
(34:19 / All) Clowsaintpotsox: last game anyways i could care less man
(35:47 / All) Hillary.Clinton: Green has now all the power
(35:51 / All) Hillary.Clinton: that cuck orange felt for it
(35:52 / All) Hillary.Clinton: lmao
(36:00 / All) goodgame: You and red have the power to win or lose
(36:03 / All) goodgame: in our Mexican standoff
(36:07 / All) goodgame: after we suicide all our shit
(36:15 / All) BRADY-IS-DONE: green and i will be leaving in 1 min
(36:21 / All) Hillary.Clinton: okay geeks
(36:43 / All) Clowsaintpotsox: at least they are good at what they do.
(36:57 / All) goodgame: Yellow said he's a honda engineer lol
(37:00 / All) Clowsaintpotsox: losing football games and eating ass.
(37:05 / All) goodgame: joke's on him, I'm a billionaire!
(37:28 / All) Clowsaintpotsox: now teal will win.
(37:40 / All) Clowsaintpotsox: take care assmunchars.
(37:56 / All) goodgame: hmm
(38:32 / All) BRADY-IS-DONE: we 4 are 0/0
(39:31 / All) goodgame: gl